 Dungeon Crawl Stone Soup version 0.29.0-13-gc9e81de378 (webtiles) character file.

Game seed: 10300216903038613098

28465 leavemydog the Eclecticist (level 13, -1/72 HPs)
             Began as a Deep Elf Conjurer on Sept 9, 2022.
             Was an Elder of Vehumet.
             Shot with an arrow by a centaur warrior (17 damage)
             ... on level 14 of the Dungeon.
             The game lasted 00:35:59 (17344 turns).

leavemydog the Eclecticist (Deep Elf Conjurer)     Turns: 17344, Time: 00:36:01

Health: -1/72      AC:  8    Str:  4    XL:     13   Next: 9%
Magic:  37/44      EV: 12    Int: 29    God:    Vehumet [****..]
Gold:   736        SH:  0    Dex: 16    Spells: 22/45 levels left

rFire   . . .      SeeInvis .   h - staff of conjuration
rCold   . . .      Faith    .   (no shield)
rNeg    + . .      Spirit   .   y - +2 robe {Will+}
rPois   .          Reflect  .   E - +1 hat of the Final Stars {+Blink Dex+3}
rElec   .          Harm     .   (no cloak)
rCorr   .          Rampage  .   C - +1 pair of gloves
Will    ++...                   X - +0 pair of boots {Stlth+}
Stlth   +++.......              N - amulet of regeneration
HPRegen 1.02/turn               u - ring of magical power
MPRegen 0.29/turn               I - ring of positive energy

@: no status effects
A: no striking features
a: Renounce Religion, Evoke Blink


You were on level 14 of the Dungeon.
You worshipped Vehumet.
Vehumet was greatly pleased with you.
You visited 2 branches of the dungeon, and saw 15 of its levels.
You also visited: Sewer and Gauntlet.

You collected 813 gold pieces.
You spent 77 gold pieces at shops.

Inventory:

Hand Weapons
 q - a +4 short sword of venom
Missiles
 c - 3 javelins
Armour
 i - a +2 helmet
 y - a +2 robe of willpower (worn)
 C - a +1 pair of gloves (worn)
 E - the +1 hat of the Final Stars (worn) {+Blink Dex+3}
   (You found it in a Gauntlet)

   Dex:       It affects your dexterity (+3).
   +Blink:    It lets you blink.
 X - a +0 pair of boots of stealth (worn)
Magical Staves
 h - a staff of conjuration (weapon)
 U - a staff of poison
Jewellery
 u - a ring of magical power (left hand)
 I - a ring of positive energy (right hand)
 N - an amulet of regeneration (around neck)
 W - a ring of positive energy
Wands
 x - a wand of digging (9)
 D - a wand of paralysis (14)
 M - a wand of flame (14)
 Q - a wand of quicksilver (9)
 R - a wand of polymorph (14)
 S - a wand of roots (4)
Scrolls
 d - 2 scrolls of silence
 e - 3 scrolls of immolation
 j - 4 scrolls of poison
 l - 5 scrolls of vulnerability
 o - 3 scrolls of fear
 p - 3 scrolls of butterflies
 s - 4 scrolls of blinking
 t - 2 scrolls of summoning {unknown}
 v - 4 scrolls of amnesia {unknown}
 B - 2 scrolls of magic mapping
 F - 6 scrolls of enchant armour {unknown}
 G - 2 scrolls of noise {unknown}
 O - a scroll of enchant weapon {unknown}
 P - 2 scrolls of teleportation
Potions
 a - 2 potions of flight
 b - 2 potions of magic
 f - 3 potions of attraction
 g - a potion of heal wounds
 k - 4 potions of brilliance
 m - 17 potions of curing
 n - a potion of resistance {unknown}
 z - 2 potions of invisibility
 H - a potion of mutation
 K - 6 potions of haste
 L - a potion of berserk rage {unknown}
 T - 3 potions of lignification


   Skills:
 * Level 4.9 Fighting
 + Level 2.5 Dodging
 - Level 2.4 Stealth
 + Level 16.7 Spellcasting
 + Level 14.3 Conjurations
 - Level 9.0 Hexes
 - Level 9.0 Translocations
 * Level 3.6 Fire Magic
 - Level 4.2 Earth Magic
 * Level 1.5 Evocations


You had 22 spell levels left.
You knew the following spells:

 Your Spells              Type           Power      Damage    Failure   Level
a - Magic Dart            Conj           100%       1d8       0%          1
b - Searing Ray           Conj           100%       2d8       0%          2
c - Iskenderun's Mystic   Conj/Tloc      95%        2d18      1%          4
d - Fulminant Prism       Conj/Hex       47%        3d21      1%          4
e - Dazzling Flash        Conj/Hex       100%       N/A       1%          3
f - Stone Arrow           Conj/Erth      100%       3d13      1%          3
g - Starburst             Conj/Fire      43%        6d12      1%          6

Your spell library contained the following spells:

 Spells                   Type           Power      Damage    Failure   Level
 Frozen Ramparts          Ice            48%        1d8       1%          3
 Slow                     Hex            100%       N/A       1%          1
 Static Discharge         Conj/Air       78%        3-13/arc  1%          2
 Confusing Touch          Hex            66%        N/A       1%          3
 Conjure Flame            Conj/Fire      86%        6-21      1%          3
 Ignite Poison            Fire/Tmut/Pois 31%        N/A       1%          3
 Sticky Flame             Conj/Fire      86%        2d10      1%          4
 Irradiate                Conj/Tmut      39%        3d24      1%          5
 Yara's Violent Unravell  Hex/Tmut       25%        3d11      2%          5
 Ozocubu's Armour         Ice            24%        N/A       5%          3
 Vampiric Draining        Necr           24%        2d7       5%          3
 Metabolic Englaciation   Hex/Ice        25%        N/A       9%          5
 Silence                  Hex/Air        25%        N/A       9%          5
 Dispel Undead            Necr           24%        3d12      19%         4
 Summon Lightning Spire   Summ/Air       24%        N/A       19%         4
 Borgnjor's Vile Clutch   Necr/Erth      18%        N/A       22%         5
 Enfeeble                 Hex            33%        N/A       36%         7
 Agony                    Necr           24%        N/A       45%         5
 Alistair's Intoxication  Tmut/Pois      16%        N/A       45%         5
 Blade Hands              Tmut           12%        N/A       45%         5
 Eringya's Noxious Bog    Tmut/Pois      12%        N/A       54%         6
 Simulacrum               Ice/Necr       12%        N/A       96%         6
 Dragon Form              Tmut           12%        N/A       100%        7
 Storm Form               Tmut/Air       12%        N/A       100%        7
 Maxwell's Capacitive Co  Air            12%        ∞         100%        8


Dungeon Overview and Level Annotations

Branches:
Dungeon (14/15)            Temple (1/1) D:6            Lair (0/5) D:9
    Orc (0/2) D:12          Sewer (visited)         Gauntlet (visited)
 Vaults: D:13-14

Altars:
Ashenzari
Cheibriados
Dithmenos
Elyvilon
Fedhas
Gozag
Hepliaklqana
Kikubaaqudgha
Makhleb
Nemelex Xobeh
Okawaru
Qazlal
Ru
Sif Muna
Trog
Uskayaw
Vehumet
Wu Jian
Xom
Yredelemnul
Zin
The Shining One

Shops:
D:2 ?   D:12 =

Annotations:
D:11 2 runed translucent doors
D:14 3 runed translucent doors, Qymaymp's ghost, adept GrEE


Message History

You feel a surge of power!
The stone arrow hits the orc wizard!
The orc wizard is almost dead.
The centaur warrior shoots an arrow.
The arrow hits you!
The orc wizard hits you with a +0 dagger.
The centaur warrior shoots an arrow.
The arrow hits you!
* * * LOW HITPOINT WARNING * * *
The centaur shoots an arrow.
The arrow hits your fulminant prism!
Your fulminant prism explodes!
The blast of energy engulfs the centaur warrior!!!
The centaur warrior is almost dead.
The blast of energy engulfs the centaur!!
You kill the centaur!
Vehumet accepts your kill.
You feel your power returning.
The blast of energy engulfs the centaur!!!
You kill the centaur!
Vehumet accepts your kill.
Vehumet is now extending the range of your destructive spells.
The blast of energy engulfs the centaur!!
You kill the centaur!
Vehumet accepts your kill.
You feel your power returning.
The blast of energy engulfs the centaur!!
You kill the centaur!
Vehumet accepts your kill.
You feel your power returning.
You hear a horrible gurgling sound! x3
Unknown command.
You feel much better.
The centaur wields a +0 shortbow.
The centaur shoots an arrow.
The arrow hits you!
The centaur warrior shoots an arrow.
The arrow hits you!!
* * * LOW HITPOINT WARNING * * *
The orc wizard hits you but does no damage.
You feel much better.
The centaur warrior shoots an arrow.
The arrow hits you!
The orc priest hits you with a +0 flail.
* * * LOW HITPOINT WARNING * * *
The orc wizard hits you with a +0 dagger.
* * * LOW HITPOINT WARNING * * *
The centaur warrior shoots an arrow.
The arrow hits you!
You die...

#... #..... #....
#.... .)..
####)########
####...D.......#
..)c..oo.......#
..c)...@.......#
..)###+++###...# .
#..BWcec#...#
#...yO9.#...#
...#.......#...#
#..#.......#...#
#..#.......#...#
#####..#.$/?)$.#...#
.##......#.......#...#


You could see a yaktaur captain, a boulder beetle, a four-headed hydra, 2
centaur warriors, an ogre mage, a war gargoyle, a deep elf pyromancer, a vampire
mosquito, a centaur, an orc priest, an orc wizard and Qymaymp's ghost.

Vanquished Creatures
  A minotaur (Gauntlet)
  A catoblepas (D:12)
  3 boulder beetles
  A centaur warrior (D:13)
  3 two-headed ogres
  A tengu warrior (D:11)
  A hell hog (Gauntlet)
  Amaemon (D:8)
  A skeletal warrior (D:11)
  2 manticores (D:12)
  An orc knight (D:12)
  3 ugly things
  3 cyclopes
  A moth of wrath (Gauntlet)
  Joseph (D:7)
  3 gargoyles
  An unseen horror (D:10)
  Maggie (D:6)
  An orange demon (D:8)
  Psyche (D:8)
  2 trolls
  Grinder (D:4)
  4 slime creatures
  3 shadows
  3 wraiths
  4 fire bats (Gauntlet)
  2 vampires
  8 wyverns
  16 yaks
  A steam dragon (D:7)
  4 redbacks (Gauntlet)
  7 vampire mosquitoes
  2 acid dragons (D:11)
  A hell hound (Gauntlet)
  4 water moccasins
  5 orc warriors
  4 black bears
  5 ice beasts
  2 sky beasts
  5 centaurs
  5 boggarts (D:13)
  4 kobold brigands
  Blork the orc (D:4)
  A bullfrog (D:7)
  2 gnoll sergeants
  A necrophage (D:6)
  8 scorpions
  11 wights
  14 killer bees
  5 howler monkeys (D:8)
  4 crimson imps (D:14)
  4 orc priests
  3 hounds
  4 jellies
  A gnoll bouda (D:5)
  5 iguanas
  10 orc wizards
  Terence (D:2)
  10 gnolls
  A river rat (Sewer)
  9 adders
  A shadow imp (D:4)
  5 white imps
  3 ufetubi
  7 worms
  5 dart slugs
  30 orcs
  8 ball pythons
  7 endoplasms
  4 giant cockroaches
  15 goblins
  9 hobgoblins
  9 jackals
  4 quokkas
  3 bats
  22 kobolds
  7 rats
357 creatures vanquished.

Vanquished Creatures (others)
  25 fulminant prisms
  3 fungi (D:9)
  13 plants (D:9)
  5 withered plants (D:9)
46 creatures vanquished.

Grand Total: 403 creatures vanquished

Notes
Turn   | Place    | Note
-------+----------+-------------------------------------------
     0 | D:1      | leavemydog the Deep Elf Conjurer began the quest for the
                  | Orb.
     0 | D:1      | Reached XP level 1. HP: 10/10 MP: 6/6
   330 | D:1      | Reached XP level 2. HP: 15/15 MP: 5/8
   384 | D:1      | Reached skill level 5 in Conjurations
   893 | D:1      | Reached XP level 3. HP: 16/19 MP: 4/9
   898 | D:1      | Learned a level 2 spell: Searing Ray
   996 | D:2      | Found Raczim's Magic Scroll Shoppe.
  1001 | D:2      | Bought a scroll of identify for 22 gold pieces
  1001 | D:2      | Bought a scroll of teleportation for 33 gold pieces
  1001 | D:2      | Bought a scroll of identify for 22 gold pieces
  1020 | D:2      | Noticed Terence
  1035 | D:2      | Killed Terence
  1036 | D:2      | Reached XP level 4. HP: 21/24 MP: 0/11
  1128 | D:2      | Learned a level 4 spell: Iskenderun's Mystic Blast
  1714 | D:2      | Reached skill level 4 in Spellcasting
  2066 | D:2      | Reached skill level 1 in Translocations
  2125 | D:2      | Reached XP level 5. HP: 28/28 MP: 13/13
  2245 | D:2      | Found a faded altar of an unknown god.
  2480 | D:3      | Found an ornate altar of the Wu Jian Council.
  3020 | D:4      | Found a basalt altar of Yredelemnul.
  3083 | D:4      | Noticed Blork the orc
  3087 | D:4      | Killed Blork the orc
  3088 | D:4      | Reached XP level 6. HP: 32/32 MP: 15/15
  3224 | D:4      | Reached skill level 5 in Spellcasting
  3341 | D:4      | Found a radiant altar of Vehumet.
  3434 | D:4      | Found a glowing silver altar of Zin.
  3625 | D:4      | Noticed Grinder
  3635 | D:4      | Killed Grinder
  3636 | D:4      | Reached XP level 7. HP: 36/36 MP: 14/17
  3844 | D:5      | Entered Level 5 of the Dungeon
  3944 | D:5      | Reached skill level 6 in Spellcasting
  4502 | D:5      | Learned a level 4 spell: Fulminant Prism
  4585 | D:5      | Reached skill level 7 in Spellcasting
  4591 | D:5      | Reached skill level 1 in Hexes
  4771 | D:5      | Reached XP level 8. HP: 41/41 MP: 21/21
  5316 | D:6      | Found a staircase to the Ecumenical Temple.
  5327 | D:6      | Found a glowing drain.
  5339 | D:6      | Reached skill level 8 in Spellcasting
  5380 | Sewer    | Entered a sewer
  5825 | Temple   | Entered the Ecumenical Temple
  6020 | D:4      | Became a worshipper of Vehumet
  6239 | D:6      | Noticed Maggie
  6253 | D:6      | Killed Maggie
  6254 | D:6      | Reached skill level 9 in Spellcasting
  6353 | D:6      | Identified the +1 war axe of Soyx Gei {speed, Dex+4}
  6365 | D:6      | Found an iron altar of Okawaru.
  6495 | D:6      | Reached XP level 9. HP: 45/45 MP: 24/24
  6595 | D:6      | Reached skill level 5 in Translocations
  6896 | D:6      | Found a shadowy altar of Dithmenos.
  7112 | D:7      | Reached skill level 10 in Conjurations
  7313 | D:7      | Reached skill level 10 in Spellcasting
  7362 | D:7      | Noticed Joseph
  7373 | D:7      | Killed Joseph
  7374 | D:7      | Reached skill level 5 in Hexes
  8160 | D:7      | Noticed a boulder beetle
  8165 | D:7      | Reached skill level 11 in Spellcasting
  8169 | D:7      | Reached * piety under Vehumet
  8169 | D:7      | Offered knowledge of Freeze by Vehumet.
  8170 | D:7      | Reached XP level 10. HP: 9/50 MP: 11/27
  8671 | D:7      | Found a sacrificial altar of Ru.
  9165 | D:8      | Noticed Amaemon
  9167 | D:8      | Noticed an orange demon
  9185 | D:8      | Reached skill level 12 in Spellcasting
  9539 | D:8      | Noticed Psyche
  9545 | D:8      | Killed Psyche
 10049 | D:8      | Killed Amaemon
 10049 | D:8      | Killed an orange demon
 10248 | D:9      | Reached skill level 13 in Spellcasting
 10293 | D:9      | Offered knowledge of Poisonous Vapours by Vehumet.
 10294 | D:9      | Reached XP level 11. HP: 54/54 MP: 20/30
 10300 | D:9      | Reached ** piety under Vehumet
 10551 | D:9      | Found a staircase to the Lair.
 10816 | D:9      | Identified a scroll of acquirement
 10817 | D:9      | Acquired a staff of conjuration
 10823 | D:9      | Learned a level 3 spell: Dazzling Flash
 10841 | D:9      | Noticed a two-headed ogre
 10851 | D:9      | Killed a two-headed ogre
 11010 | D:9      | Found a blossoming altar of Fedhas.
 11010 | D:9      | Found an ancient bone altar of Kikubaaqudgha.
 11447 | D:10     | Entered Level 10 of the Dungeon
 11581 | D:10     | Reached skill level 1 in Fighting
 11839 | D:10     | Reached skill level 14 in Spellcasting
 12732 | D:11     | Offered knowledge of Stone Arrow by Vehumet.
 12737 | D:11     | Learned a level 3 spell: Stone Arrow
 12808 | D:11     | Found a large runed translucent door.
 12808 | D:11     | Found a large runed translucent door.
 12855 | D:11     | Noticed a white ugly thing
 12855 | D:11     | Noticed a skeletal warrior
 12872 | D:11     | Noticed a boulder beetle
 12885 | D:11     | Killed a boulder beetle
 12887 | D:11     | Noticed a boulder beetle
 12892 | D:11     | Killed a boulder beetle
 13059 | D:11     | Found a large runed translucent door.
 13059 | D:11     | Found a large runed translucent door.
 13100 | D:11     | Noticed a tengu warrior
 13104 | D:11     | Killed a tengu warrior
 13467 | D:11     | Reached skill level 1 in Earth Magic
 13468 | D:11     | Reached XP level 12. HP: 64/64 MP: 27/32
 13651 | D:11     | Reached skill level 15 in Spellcasting
 13816 | D:11     | Identified the +4 dagger of Defence by Offence {spect,
                  | Str-4 Dex+5}
 13855 | D:12     | Found Ochan's Jewellery Emporium.
 13923 | D:12     | Reached *** piety under Vehumet
 14256 | D:12     | Found a staircase to the Orcish Mines.
 14447 | D:12     | Noticed a two-headed ogre
 14450 | D:12     | Killed a two-headed ogre
 14458 | D:12     | Learned a level 6 spell: Starburst
 14630 | D:12     | Noticed a catoblepas
 14640 | D:12     | Killed a catoblepas
 14658 | D:12     | Noticed a boulder beetle
 14674 | D:12     | Killed a boulder beetle
 14675 | D:12     | Reached skill level 1 in Fire Magic
 14884 | D:12     | Noticed a two-headed ogre
 14889 | D:12     | Killed a two-headed ogre
 14890 | D:12     | Reached skill level 16 in Spellcasting
 14997 | D:13     | Noticed a centaur warrior
 15001 | D:13     | Killed a centaur warrior
 15125 | D:13     | Found a gate leading to a gauntlet.
 15135 | Gauntlet | Entered a Gauntlet
 15135 | Gauntlet | Found a transporter.
 15144 | Gauntlet | Found a transporter.
 15145 | Gauntlet | Noticed a ghost crab
 15146 | Gauntlet | Found a transporter.
 15149 | Gauntlet | Found a transporter.
 15149 | Gauntlet | Found a transporter.
 15150 | Gauntlet | Found a transporter.
 15152 | Gauntlet | Noticed a hell hog
 15156 | Gauntlet | Noticed a death scarab
 15158 | Gauntlet | Found a transporter.
 15241 | Gauntlet | Identified the +1 hat of the Final Stars {+Blink Dex+3}
 15242 | Gauntlet | Identified the +3 chain mail "Wogryomp" {rF+ Str+5}
 15249 | Gauntlet | Noticed a balrug
 15258 | Gauntlet | Noticed a death scarab
 15259 | Gauntlet | Offered knowledge of Frozen Ramparts by Vehumet.
 15265 | Gauntlet | Killed a hell hog
 15401 | Gauntlet | Identified the +1 plate armour of a Gauntlet {Harm}
 15401 | Gauntlet | Noticed a minotaur
 15411 | Gauntlet | Killed a minotaur
 15598 | D:13     | Noticed a centaur warrior
 15846 | D:13     | Reached XP level 13. HP: 54/72 MP: 28/35
 15942 | D:13     | Reached skill level 1 in Evocations
 16108 | D:13     | Found a sacrificial altar of Ru.
 17001 | D:14     | Found a shimmering altar of Xom.
 17311 | D:14     | Noticed a war gargoyle
 17317 | D:14     | Noticed Qymaymp's ghost (adept GrEE)
 17322 | D:14     | Found a runed translucent gate.
 17322 | D:14     | Found a runed translucent gate.
 17322 | D:14     | Found a runed translucent gate.
 17342 | D:14     | Reached **** piety under Vehumet
 17344 | D:14     | Shot with an arrow by a centaur warrior

Illustrated notes

Levels and vault maps discovered:
D:1:      minmay_arrival_cross, layout_rooms, serial_park_tiny_1, st_stairs_2
D:2:      layout_loops_ring, serial_shops, nicolae_shop_hallway_plus,
          chequers_ecumenical_altar_grove, uniq_terence, uniq_robin
D:3:      layout_basic, nzn_wu_jian_council_hall
D:4:      layout_basic, lemuel_round_altar, yredelemnul_altar_generic,
          mainiacjoe_overflow_paths, chequers_garden, uniq_grinder,
          uniq_blork_the_orc
D:5:      minmay_razor_zed, layout_rooms
D:6:      hellmonk_destroyed_diamonds, layout_loops_cross,
          mainiacjoe_overflow_six_doors_small,
          nicolae_dithmenos_through_a_glass_darkly, minmay_temple_entry_glass,
          cheibrodos_sewer_entry_drain, hangedman_abyss_or_decor_stagger,
          st_stairs_13, uniq_maggie
D:7:      minmay_opposing_rooms, layout_loops_corners, kennysheep_mini,
          uniq_joseph
D:8:      layout_loops_ring, enter_bailey_6, uniq_amaemon, uniq_psyche
D:9:      layout_gridville, grunt_temple_overflow_growth_and_decay,
          minmay_lair_entry_grove
D:10:     layout_basic
D:11:     layout_loops_ring, minmay_hollow_rounded_squares
D:12:     layout_rooms, david_orc_2, serial_shops, nicolae_stop_n_shop_1
D:13:     layout_layer_cave, gauntlet_entry_generic, grunt_ministairs_10,
          nicolae_ru_sacrificial_ziggurat
D:14:     layout_basic, skrybe_vaults_entry_preservation, gammafunk_ghost_split,
          portal_ice_cave_entry_ugly_swarm, minivault_27, led_xom_imps
Temple:   hellmonk_temple_forest_ring

Skill      XL: |  1  2  3  4  5  6  7  8  9 10 11 12 13 |
---------------+----------------------------------------+-----
Conjurations   | 5 6 7 8 9 10 11 13 14 | 14.3
Spellcasting   | 4 5 7 9 11 13 14 16 | 16.7
Translocations | 1 2 3 4 6 7 9 |  9.0
Hexes          | 1 3 6 7 9 |  9.0
Fighting       | 2 4 |  4.9
Earth Magic    | 1 4 |  4.2
Fire Magic     | 3 |  3.6
Evocations     | 1 |  1.5
Dodging        | |  2.5
Stealth        | |  2.4

Action                   |  1- 3 |  4- 6 |  7- 9 | 10-12 | 13-15 || total
-------------------------+-------+-------+-------+-------+-------++-------
Melee: Mace              |    13 |       |       |       |       ||    13
 Cast: Magic Dart        |    51 |   104 |   195 |   192 |    10 ||   552
       Searing Ray       |     2 |     4 |    40 |    55 |     4 ||   105
       Iskenderun's Myst |       |       |     9 |    73 |     8 ||    90
       Fulminant Prism   |       |       |     3 |    18 |     4 ||    25
       Stone Arrow       |       |       |       |    91 |    11 ||   102
  Use: Scroll            |     3 |     4 |     5 |    12 |       ||    24
       Potion            |       |       |       |     5 |     2 ||     7
Armor: Robe              |    11 |     3 |    34 |    60 |     6 ||   114
Dodge: Dodged            |    31 |     8 |    56 |   100 |     6 ||   201
